 Dungeon Crawl Stone Soup version 0.31-a0-535-g08d4ee9 (webtiles) character file.

Game seed: 1801798421284892565

186 Dorkslayer the Shield-Bearer (level 5, -16/79 HPs)
             Began as a Troll Fighter on Aug 12, 2023.
             Demolished by a two-headed ogre
             ... wielding a +0 giant club
              (17 damage)
             ... on level 4 of the Dungeon.
             The game lasted 00:04:34 (1824 turns).

Dorkslayer the Shield-Bearer (Troll Fighter)        Turns: 1824, Time: 00:04:34

Health: -16/79     AC: 22    Str: 21 (24) XL:     5   Next: 38%
Magic:  4/4        EV:  1    Int:  2 (4)  God:
Gold:   179        SH:  8    Dex:  9 (11) Spells: 4/4 levels left

rFire   . . .        o - +2 flail (holy)
rCold   . . .        c - +0 kite shield
rNeg    + . .        b - melded +0 robe
rPois   +            (helmet currently unavailable)
rElec   .            (cloak currently unavailable)
rCorr   .            (gloves unavailable)
SInv    .            (boots unavailable)
Will    .....        (no amulet)
Stlth   +            j - ring of positive energy
HPRegen 1.13/turn    (no ring)
MPRegen 0.09/turn

%: no passive effects
@: mighty, brilliant, tree-form
A: stationary, stasis, torment immunity, boosted hp, large, unfitting armour,
(claws 3), regeneration 1, (shaggy fur 1), (tough skin 1)
a: no special abilities


You were on level 4 of the Dungeon.
You were a tree.
You visited 1 branch of the dungeon, and saw 4 of its levels.

You collected 179 gold pieces.

Inventory:

Hand Weapons
 a - a +0 flail
 o - a +2 flail of holy wrath (weapon)
Armour
 b - a +0 robe (melded)
 c - a +0 kite shield (worn)
Jewellery
 j - a ring of positive energy (left branch)
Scrolls
 e - 2 scrolls of fear {unknown}
 i - a scroll of identify {unknown}
 k - a scroll of noise {unknown}
 l - a scroll of fog {unknown}
 m - a scroll of poison {unknown}
Potions
 f - a potion of lignification


   Skills:
 + Level 3.0 Fighting
 + Level 3.4 Maces & Flails
 + Level 3.1 Dodging
 + Level 3.5 Shields


You had 4 spell levels left.
You didn't know any spells.
Your spell library contained the following spells:

 Spells                   Type           Power      Damage    Failure   Level
 Ensorcelled Hibernation  Hex/Ice        0%         N/A       93%         2
 Passwall                 Tmut/Erth      0%         N/A       93%         2
 Swiftness                Air            0%         N/A       99%         3


Dungeon Overview and Level Annotations

Branches:
Dungeon (4/15)
 Temple: D:4-7

Altars:
Fedhas
Makhleb
Sif Muna


Innate Abilities, Weirdness & Mutations

You are a tree.
Your roots penetrate the ground, keeping you stationary.
You cannot be teleported.
You are immune to unholy pain and torment.
Your maximum health is greatly increased.
Your equipment is partially melded.
You are too large for most types of armour.
((You have claws for hands.))
Your natural rate of healing is unusually fast.
((You are covered in fur. (AC +1)))
((You have tough skin. (AC +1)))


Message History

The two-headed ogre shouts in stereo!
You see here 3 gold pieces.
An endoplasm comes into view.
Found 7 gold pieces and a pair of embroidered boots.
Found a stone staircase leading down.
The endoplasm quivers.
The two-headed ogre hits you with a +0 giant club!!
The two-headed ogre hits you with a +0 giant club!
The two-headed ogre attacks as you move away!
The two-headed ogre hits you with a +0 giant club!!
* * * LOW HITPOINT WARNING * * *
The two-headed ogre barely misses you.
It was a potion of lignification.
You turn into a tree.
Your +0 robe melds into your body.
Your roots penetrate the ground.
It was a potion of enlightenment.
Your roots keep you in place.
The two-headed ogre barely misses you. You block the two-headed ogre's attack.
It was a potion of degeneration.
There was something very wrong with that liquid.
You feel weakened.
You feel dopey.
You feel clumsy.
The two-headed ogre hits you with a +0 giant club.
* * * LOW HITPOINT WARNING * * *
The two-headed ogre hits you but does no damage.
It was a potion of brilliance.
You feel clever all of a sudden.
You feel very mighty all of a sudden.
Your enlightenment fades.
The two-headed ogre hits you but does no damage. x2
You sock the two-headed ogre!
The two-headed ogre is lightly wounded.
You block the two-headed ogre's attack. x2
You hit the two-headed ogre.
The two-headed ogre is lightly wounded.
The two-headed ogre hits you with a +0 giant club!
* * * LOW HITPOINT WARNING * * *
You block the two-headed ogre's attack.
You thump the two-headed ogre!
The two-headed ogre is moderately wounded.
The two-headed ogre hits you with a +0 giant club!
* * * LOW HITPOINT WARNING * * *
The two-headed ogre hits you with a +0 giant club!
You die...

###########
#.........####
#$#####......# #♣#
#......# #O# #..)...+
#J# #......#
#.$....>.+......+
#..#....##....).#
#....#........#<# #.
.....#.#.......#
#.#.....#.#.#[#......
. ...# .#.#.#....###.


You could see a two-headed ogre and an endoplasm.

Vanquished Creatures
  An ogre (D:2)
  Jessica (D:2)
  3 adders
  A worm (D:2)
  2 dart slugs (D:2)
  An orc (D:3)
  5 endoplasms
  3 giant cockroaches
  7 goblins
  2 hobgoblins
  2 jackals (D:1)
  2 quokkas (D:2)
  3 ball pythons (D:2)
  2 bats (D:1)
  2 frilled lizards (D:2)
  4 kobolds
  2 rats
43 creatures vanquished.

Notes
Turn   | Place    | Note
-------+----------+-------------------------------------------
     0 | D:1      | Dorkslayer the Troll Fighter began the quest for the Orb.
     0 | D:1      | Reached XP level 1. HP: 22/22 MP: 0/0
   286 | D:1      | Reached XP level 2. HP: 29/29 MP: 1/1
   744 | D:2      | Reached XP level 3. HP: 32/36 MP: 2/2
   798 | D:2      | Noticed Jessica
   812 | D:2      | Killed Jessica
   813 | D:2      | Reached XP level 4. HP: 31/44 MP: 3/3
   898 | D:2      | Noticed an ogre
   914 | D:2      | Killed an ogre
   915 | D:2      | Reached XP level 5. HP: 53/53 MP: 4/4
  1181 | D:3      | Identified the +3 ring mail "Forul" {Str-4 Dex+5}
  1272 | D:3      | Found a burning altar of Makhleb.
  1522 | D:3      | Found a blossoming altar of Fedhas.
  1522 | D:3      | Found a shimmering blue altar of Sif Muna.
  1543 | D:3      | Found a faded altar of an unknown god.
  1811 | D:4      | Noticed a two-headed ogre
  1824 | D:4      | HP: 1/79 [two-headed ogre/+0 giant club (12)]
  1824 | D:4      | Demolished by a two-headed ogre

Illustrated notes

Levels and vault maps discovered:
D:1:      minmay_arrival_radiant_lines, layout_loops_ring
D:2:      layout_rooms, grunt_ministairs_7, uniq_jessica
D:3:      layout_loops_ring, lightli_temple_of_fire,
          nicolae_overflow_two_pavilions,
          shapermc_ecumenical_altar_mp_highgroup,
          nicolae_elevator_lobby_asterisk
D:4:      layout_basic, nicolae_wu_jian_wuxing_cycle,
          ebering_ghost_reflecting_pool, minmay_misc_feat_hallway, uniq_pargi

Skill      XL: |  1  2  3  4 |
---------------+-------------+-----
Maces & Flails | 2 3 |  3.4
Shields        | 3 |  3.5
Fighting       | 3 |  3.0
Dodging        | 3 |  3.1

Action                     |  1- 3 |  4- 6 || total
---------------------------+-------+-------++-------
  Melee: Flail             |   117 |    47 ||   164
    Use: Potion            |     1 |     6 ||     7
   Stab: Sleeping          |       |     2 ||     2
 Armour: Robe              |    51 |    15 ||    66
         Skin              |       |     3 ||     3
  Dodge: Dodged            |    45 |    17 ||    62
  Block: Kite shield       |    47 |    20 ||    67

Table legend: (Time is in decaauts)
 A = Elapsed time spent in this place.
 B = Non-inter-level travel time spent in this place.
 C = Inter-level travel time spent in this place.
 D = Time resting spent in this place.
 E = Time spent auto-exploring this place.
 F = Levels seen in this place.
 G = Mean time per level.
                   A        B        C        D        E       F      G
               +--------+--------+--------+--------+--------+-----+--------+
         Total |   1889 |   1889 |      0 |      0 |    806 |   4 |  472.2 |
       Dungeon |   1889 |   1889 |      0 |      0 |    806 |   4 |  472.2 |
               +--------+--------+--------+--------+--------+-----+--------+

Top non-repeatable levels by time:
     D:3: 647 daAuts
     D:1: 627 daAuts
     D:2: 578 daAuts
     D:4: 35 daAuts
